 Dungeon Sprint DCSS version 0.17-a0-1714-g35622ae (webtiles) character file.

800000 ztt the Pyromancer (level 13, -21/105 HPs)
             Began as a Deep Dwarf Fire Elementalist on Aug 23, 2015.
             Was a Follower of Makhleb.
             Demolished by a meat berserker
             ... wielding a +9 battleaxe
              (41 damage)
             ... in the Dungeon (Sprint VIII: "Arena of Blood").
             The game lasted 00:00:29 (8 turns).

ztt the Pyromancer (Deep Dwarf Fire Elementalist)      Turns: 8, Time: 00:00:29

Health: -21/105    AC:  2    Str: 16    XL:     13   Next: 71%
Magic:  3/31       EV: 21    Int: 17    God:    Makhleb [*.....]
Gold:   0          SH:  0    Dex: 13    Spells: 1 memorised, 39 levels left

rFire  . . .     SeeInvis .     k - +∞ Axe of Woe
rCold  . . .     Clarity  .     a - +0 robe
rNeg   . . .     SustAt   .     (no shield)
rPois  .         Gourm    .     (no helmet)
rElec  .         Spirit   .     (no cloak)
rCorr  .         Warding  .     (no gloves)
rMut   .         NoTele   +     (no boots)
MR     +....                    (no amulet)
Stlth  ++++++....               (no ring)
                                (no ring)

@: non-regenerating, somewhat resistant to hostile enchantments, very stealthy
A: damage resistance, recharge devices, sense surroundings 2, slow healing 3
a: Device Recharging, Renounce Religion


You were in the Dungeon.
You worshipped Makhleb.
Makhleb was aware of your devotion.
You were not hungry.

You visited 1 branch

Inventory:

Hand weapons
 k - the +∞ Axe of Woe (weapon)
   (You found it in the Dungeon)
Armour
 a - a +0 robe (worn)
Magical devices
 c - a wand of heal wounds (5)
Scrolls
 j - a scroll of blinking
Potions
 e - a potion of curing
 f - a potion of heal wounds
 g - a potion of haste
 h - 2 potions of magic
 i - a potion of berserk rage
Books
 b - a book of Flames

   Spells                             Type                      Level
   a - Flame Tongue                   Conjuration/Fire             1
   b - Throw Flame                    Conjuration/Fire             2
   c - Conjure Flame                  Conjuration/Fire             3
   d - Inner Flame                    Hexes/Fire                   3
   e - Sticky Flame                   Conjuration/Fire             4
   f - Fireball                       Conjuration/Fire             5
Comestibles
 d - a bread ration


   Skills:
 + Level 4.1 Fighting
 + Level 5.0 Axes
 + Level 14.9 Dodging
 + Level 15.5 Stealth
 + Level 14.2 Spellcasting
 + Level 4.5 Conjurations
 + Level 22.9 Fire Magic


You had 39 spell levels left.
You knew the following spells:

 Your Spells              Type           Power        Failure   Level  Hunger
a - Flame Tongue          Conj/Fire      #####        1%          1    None


Dungeon Overview and Level Annotations

Branches:
Dungeon (1/1)

Altars:
Makhleb


Innate Abilities, Weirdness & Mutations

You are resistant to damage.
You can recharge devices by infusing magical energy.
You passively map the area around you.
You do not heal naturally.


Message History

Your Dodging skill gained 2 levels and is now at level 14!
Your Stealth skill gained 3 levels and is now at level 15!
Your Spellcasting skill gained 3 levels and is now at level 14!
Your Conjurations skill increases to level 4!
Your Fire Magic skill gained 4 levels and is now at level 22!
You have reached level 12!
Your experience leads to an increase in your attributes!
Increase (S)trength, (I)ntelligence, or (D)exterity?
You feel stronger.
You feel clever.
You have reached level 13!
You hear a shout!
The meat berserker appears out of thin air!
A meat berserker comes into view. It is wielding a +9 battleaxe.
The meat berserker appears out of thin air!
A meat berserker comes into view. It is wielding a +9 battleaxe.
You hear a shout! x10
The bag of meat appears out of thin air!
A bag of meat comes into view. It is wielding a +9 war axe.
The meat berserker hits you with a +9 battleaxe!!!
You die...

, , , , ,#.. , ..#
, , , #..., #...
,..# ,, ,....###...
..###. ,,, ,
.........###......
, .#........_.....
, .o.....#.....# ,
, .......#_.<._#
,,. *
.......#O....#....
, #....)@O.o.......
, ,
..o......###......,
, , ....###....
..###. , o..
#.......# ,.,
#.......#, ,
,,......... ,, ,
*,* ,........o.. *,
,, , .......... ,
,, **


You could see 2 meat berserkers and 5 bags of meat.

Vanquished Creatures
  An ogre (D)
  An orc (D)
2 creatures vanquished.

Notes
Turn   | Place    | Note
--------------------------------------------------------------
     0 | D        | ztt the Deep Dwarf Fire Elementalist began the quest for the Orb.
     0 | D        | Reached XP level 1. HP: 15/15 MP: 3/3
     4 | D        | Noticed a bag of meat
     4 | D        | Became a worshipper of Makhleb the Destroyer
     5 | D        | Noticed a meat berserker
     5 | D        | Noticed a bag of meat
     7 | D        | Noticed a bag of meat
     8 | D        | Noticed a bag of meat
     8 | D        | Killed a bag of meat
     8 | D        | Reached skill level 3 in Axes
     8 | D        | Reached skill level 12 in Dodging
     8 | D        | Reached skill level 18 in Fire Magic
     8 | D        | Reached XP level 2. HP: 8/27 MP: 3/14
     8 | D        | Reached XP level 3. HP: 9/33 MP: 3/15
     8 | D        | Reached XP level 4. HP: 10/40 MP: 3/17
     8 | D        | Reached XP level 5. HP: 11/46 MP: 3/18
     8 | D        | Reached XP level 6. HP: 13/55 MP: 3/20
     8 | D        | Reached XP level 7. HP: 14/61 MP: 3/21
     8 | D        | Reached XP level 8. HP: 15/68 MP: 3/23
     8 | D        | Gained mutation: You passively map the area around you. [Deep Dwarf growth]
     8 | D        | Reached XP level 9. HP: 16/74 MP: 3/24
     8 | D        | Reached XP level 10. HP: 17/81 MP: 3/25
     8 | D        | Reached XP level 11. HP: 18/87 MP: 3/26
     8 | D        | Killed a meat berserker
     8 | D        | Acquired Makhleb's first power
     8 | D        | Reached skill level 5 in Axes
     8 | D        | Reached skill level 15 in Stealth
     8 | D        | Reached skill level 22 in Fire Magic
     8 | D        | Reached XP level 12. HP: 19/99 MP: 3/30
     8 | D        | Reached XP level 13. HP: 20/105 MP: 3/31
     8 | D        | Demolished by a meat berserker

Vault maps used:
D:        meatsprint

Action                   |  1- 3 |  4- 6 |  7- 9 | 10-12 | 13-15 || total
-------------------------+-------+-------+-------+-------+-------++-------
Melee: Executioner's axe |     1 |       |       |       |       ||     1
